 Dungeon Crawl Stone Soup version 0.29.1-15-g9cfb28693d (webtiles) character file.

Game seed: 16619196724181484854

39 raph the Firebug (level 3, -3/19 HPs)
             Began as a Deep Elf Fire Elementalist on Mar 26, 2023.
             Slain by a gnoll
             ... wielding a +0 halberd
              (5 damage)
             ... on level 2 of the Dungeon.
             The game lasted 00:02:01 (1543 turns).

raph the Firebug (Deep Elf Fire Elementalist)       Turns: 1543, Time: 00:02:02

Health: -3/19      AC:  3    Str:  5    XL:     3   Next: 28%
Magic:  6/9        EV: 12    Int: 21    God:
Gold:   65         SH:  0    Dex: 15    Spells: 2/8 levels left

rFire   . . .      SeeInvis .   l - +2 dagger (vamp)
rCold   . . .      Faith    .   (no shield)
rNeg    . . .      Spirit   .   a - +0 robe
rPois   .          Reflect  .   (no helmet)
rElec   .          Harm     .   (no cloak)
rCorr   .          Rampage  .   (no gloves)
Will    .....                   f - +0 pair of boots
Stlth   ++........              (no amulet)
HPRegen 0.06/turn               (no ring)
MPRegen 0.11/turn               (no ring)

@: no status effects
A: no striking features
a: no special abilities


You were on level 2 of the Dungeon.
You visited 1 branch of the dungeon, and saw 2 of its levels.

You collected 65 gold pieces.

Inventory:

Hand Weapons
 c - a +0 short sword
 l - a +2 vampiric dagger (weapon)
Armour
 a - a +0 robe (worn)
 f - a +0 pair of boots (worn)
Scrolls
 d - 4 scrolls of identify {unknown}
 e - a scroll of blinking {unknown}
 j - 2 scrolls of fear {unknown}
 k - 2 scrolls of silence {unknown}
Potions
 b - a potion of magic
 g - 2 potions of curing {unknown}
 h - a potion of heal wounds {unknown}
 i - 2 potions of mutation {unknown}


   Skills:
 - Level 2.4 Dodging
 - Level 2.4 Stealth
 + Level 3.0 Spellcasting
 * Level 1.3 Conjurations
 * Level 4.7 Fire Magic


You had 2 spell levels left.
You knew the following spells:

 Your Spells              Type           Power      Damage    Failure   Level
a - Foxfire               Conj/Fire      64%        2x1d7     3%          1
b - Scorch                Fire           46%        2d7       2%          2
c - Dazzling Flash        Conj/Hex       10%        N/A       30%         3

Your spell library contained the following spells:

 Spells                   Type           Power      Damage    Failure   Level
 Conjure Flame            Conj/Fire      16%        6-21      12%         3
 Inner Flame              Hex/Fire       13%        N/A       16%         3
 Flame Wave               Conj/Fire      16%        2d7       36%         4
 Summon Mana Viper        Hex/Summ       3%         N/A       98%         5
 Fire Storm               Conj/Fire      8%         8d2       100%        9


Dungeon Overview and Level Annotations

Branches:
Dungeon (2/15)

Altars:


Message History

You kill the goblin!
You open the door.
There is an open door here.
You now have 65 gold pieces (gained 11).
Found a stone staircase leading down.
A gnoll comes into view. It is wielding a +0 spear.
The gnoll shouts!
You hear a shout!
A gnoll comes into view. It is wielding a +0 whip.
A gnoll comes into view. It is wielding a +0 halberd.
Found 14 gold pieces.
The gnoll shouts!
A gnoll comes into view. It is wielding a +0 spear.
Casting: Scorch (safe; 2% risk of failure)
Confirm with . or Enter, or press ? or * to list all spells.
You conjure some foxfire!
The gnoll hits you from afar with a +0 spear.
Your foxfire dissipates!
The foxfire hits the gnoll.
The gnoll is heavily wounded.
Casting: Foxfire (safe; 3% risk of failure)
Confirm with . or Enter, or press ? or * to list all spells.
You conjure some foxfire!
The gnoll hits you from afar with a +0 spear!
Casting: Foxfire (safe; 3% risk of failure)
Confirm with . or Enter, or press ? or * to list all spells.
You conjure some foxfire!
The foxfire hits the gnoll.
The gnoll is lightly wounded.
The foxfire hits the gnoll.
The gnoll is moderately wounded.
The gnoll hits you from afar with a +0 spear.
* * * LOW HITPOINT WARNING * * *
The gnoll closely misses you.
Casting: Foxfire (safe; 3% risk of failure)
Confirm with . or Enter, or press ? or * to list all spells.
You conjure some foxfire!
The foxfire hits the gnoll.
The gnoll is moderately wounded.
The foxfire hits the gnoll.
The gnoll is heavily wounded.
The gnoll hits you from afar with a +0 halberd.
You die... .$.############## #...>....g.gg...# .....##########.# #.. #g# # ##.## #ggg#

#v..# ##+## #v@§#
##...## ##§##
#.....## ####.#
.......## ##.##.#
........####...#.#
........'........#
........####.....#
......)## #..####
#.....## #.##


You could see 4 gnolls.

Vanquished Creatures
  3 dart slugs (D:1)
  3 endoplasms (D:1)
  2 giant cockroaches (D:1)
  2 goblins
  2 hobgoblins (D:1)
  7 kobolds (D:1)
  2 quokkas
  5 ball pythons (D:1)
  2 bats (D:1)
  5 rats (D:1)
33 creatures vanquished.

Vanquished Creatures (others)
  113 foxfires
113 creatures vanquished.

Grand Total: 146 creatures vanquished

Notes
Turn   | Place    | Note
-------+----------+-------------------------------------------
     0 | D:1      | raph the Deep Elf Fire Elementalist began the quest for the
                  | Orb.
     0 | D:1      | Reached XP level 1. HP: 10/10 MP: 6/6
   308 | D:1      | Reached XP level 2. HP: 15/15 MP: 6/8
   311 | D:1      | Learned a level 2 spell: Scorch
   447 | D:1      | Reached skill level 4 in Fire Magic
   554 | D:1      | Got Zoesm's Catalogue of Vexing Conjuring
  1150 | D:1      | Reached XP level 3. HP: 19/19 MP: 3/9
  1154 | D:1      | Learned a level 3 spell: Dazzling Flash
  1543 | D:2      | Slain by a gnoll

Illustrated notes

Levels and vault maps discovered:
D:1:      minmay_arrival_arboretum_small, layout_basic
D:2:      layout_loops_corners, basic_altar, nicolae_shop_vocational

Skill      XL: |  1  2 |
---------------+-------+-----
Fire Magic     | 4 |  4.7
Dodging        | |  2.4
Stealth        | |  2.4
Spellcasting   | |  3.0
Conjurations   | |  1.3

Action                   || total
-------------------------++-------
Melee: Dagger            ||     2
 Cast: Foxfire           ||    65
       Scorch            ||     2
 Stab: Sleeping          ||     1
Dodge: Dodged            ||     4
